 Dungeon Crawl Stone Soup version 0.19.0 (webtiles) character file.

77924 PurpleRed the Severer (level 14, -2/133 HPs)
             Began as a Minotaur Berserker on Nov 13, 2016.
             Was a High Priest of Trog.
             Killed from afar by a deep elf knight (29 damage)
             ... with a stone arrow
             ... on level 4 of the Vaults.
             The game lasted 01:10:31 (6620 turns).

PurpleRed the Severer (Minotaur Berserker)          Turns: 6620, Time: 01:10:32

Health: -2/133     AC: 24    Str: 25    XL:     14   Next: 73%
Magic:  13/13      EV: 13    Int:  4    God:    Trog [*****.]
Gold:   294        SH:  5    Dex: 12    Spells: 0 memorised, 13 levels left

rFire  . . .     SeeInvis +     a - +2 battleaxe (drain)
rCold  + . .     Gourm    .     h - +0 shadow dragon scales
rNeg   . . .     Faith    .     (shield currently unavailable)
rPois  .         Spirit   .     k - +1 hat {SInv}
rElec  .         Reflect  +     f - +2 cloak
rCorr  .         Harm     .     (no gloves)
MR     ++...                    Y - +2 pair of boots of the Assassin {DetectMon Stab+ Stlth++}
Stlth  ++++......               V - +5 amulet of reflection
                                T - ring of protection from magic
                                G - ring of protection from cold

@: exhausted, slowed, very slow
A: retaliatory headbutt, horns 2
a: Berserk, Trog's Hand, Brothers in Arms, Burn Spellbooks, Renounce Religion
}: 1/15 runes: barnacled


You were on level 4 of the Vaults.
You worshipped Trog.
Trog was extremely pleased with you.
You were near starving.

You visited 4 branches of the dungeon, and saw 27 of its levels.
You also visited: Ice Cave.

You collected 762 gold pieces.
You spent 468 gold pieces at shops.

Inventory:

Hand Weapons
 a - a +2 battleaxe of draining (weapon)
 l - a +2 hand axe of distortion
 D - a +3 dire flail
Missiles
 I - 5 javelins (quivered)
 K - 12 silver tomahawks
 R - 2 throwing nets
Armour
 f - a +2 cloak (worn)
 h - +0 shadow dragon scales (worn)
 k - a +1 hat of see invisible (worn)
 J - a +0 troll leather armour
 Y - the +2 pair of boots of the Assassin (worn) {DetectMon Stab+ Stlth++}
   (You found it on level 4 of the Shoals)

   It makes you much more stealthy.
Rods
 O - a +1 lightning rod (9/9)
   (You found it on level 3 of the Lair of Beasts)
Jewellery
 b - an uncursed ring of resist corrosion
 m - an uncursed amulet of harm
 G - a ring of protection from cold (left hand)
 T - a ring of protection from magic (right hand)
 V - a +5 amulet of reflection (around neck)
Wands
 n - a wand of iceblast (8/15)
 p - a wand of lightning (15/15)
 q - a wand of confusion (15/48)
 z - a wand of flame (17/48)
 M - a wand of digging (11/24)
 P - a wand of paralysis (10/24)
 Q - a wand of iceblast (3/15)
 U - a wand of iceblast (13/15)
Scrolls
 o - a scroll of enchant weapon
 y - 8 scrolls of remove curse
 F - a scroll of blinking
 L - 3 scrolls of fog
 S - a scroll of enchant armour
 X - a scroll of teleportation
 Z - 3 scrolls of magic mapping
Potions
 d - 2 potions of cure mutation
 e - 4 potions of brilliance
 j - 2 potions of berserk rage
 r - a potion of cancellation
 s - a potion of haste
 t - a potion of magic
 u - a potion of lignification
 w - 3 potions of flight
 A - 3 potions of resistance
 B - 4 potions of curing
 C - a potion of experience {unknown}
 N - a potion of agility {unknown}
Books
 g - a Young Poisoner's Handbook

   Spells                             Type                      Level
   a - Sting                          Conjuration/Poison           1
   b - Mephitic Cloud                 Conjuration/Poison/Air       3
   c - Olgreb's Toxic Radiance        Poison                       4
   d - Alistair's Intoxication        Transmutation/Poison         5
   e - Venom Bolt                     Conjuration/Poison           5
   Trog disapproves of the use of such an item.
 x - a book of Battle

   Spells                             Type                      Level
   a - Infusion                       Charms                       1
   b - Shroud of Golubria             Charms/Translocation         2
   c - Song of Slaying                Charms                       2
   d - Spectral Weapon                Hexes/Charms                 3
   e - Regeneration                   Charms/Necromancy            3
   Trog disapproves of the use of such an item.
 H - the Guide on Heat and Displacement
   (You found it in an ice cave)

   Spells                             Type                      Level
   a - Ignite Poison                  Fire/Transmutation/Poison    3
   b - Recall                         Summoning/Translocation      3
   c - Portal Projectile              Translocation                3
   d - Sticky Flame                   Conjuration/Fire             4
   e - Bolt of Fire                   Conjuration/Fire             6
   Trog disapproves of the use of such an item.
Miscellaneous
 E - a disc of storms
Comestibles
 c - 5 bread rations
 i - 9 meat rations
 v - 6 chunks of flesh


   Skills:
 + Level 14.5 Fighting
 - Level 20.0 Axes
 + Level 14.4 Armour
 + Level 9.4 Dodging


You had 13 spell levels left.
You didn't know any spells.

Dungeon Overview and Level Annotations

Branches:
Dungeon (14/15)              Lair (5/6) D:9          Shoals (4/4) Lair:4
 Vaults (4/5) D:14
 Temple: D:4-7        Snake: Lair:2-4    Spider: Lair:2-4     Slime: Lair:5-6
    Orc: D:9-12       Crypt: Vaults:2-3

Altars:
Ashenzari
Cheibriados
Dithmenos
Qazlal
Trog
Vehumet
Zin

Shops:
D:6 [   D:8 !(?   D:9 [   Vaults:2 [

Annotations:
D:6 Heartnet's ghost, novice HOMo
D:14 Nessos; Rupert; Urug


Innate Abilities, Weirdness & Mutations

You reflexively headbutt those who attack you in melee.
You have a pair of horns on your head.


Message History

You barely miss the deep elf knight.
Your headbutt misses the deep elf knight.
The deep elf knight is heavily wounded.
The deep elf knight casts a spell at you.
The stone arrow misses you.
Your ogre barely misses the deep elf knight.
The deep elf knight casts a spell at you.
The orb of energy hits you!
* * * LOW HITPOINT WARNING * * *
The orb of energy explodes!
The mystic blast hits your ogre.
You hear a shout!
You closely miss the deep elf knight. You headbutt the deep elf knight!
The deep elf knight is severely wounded.
The deep elf knight hits you but does no damage.
Your ogre closely misses the deep elf knight.
You hit the deep elf knight. You drain the deep elf knight!
The deep elf knight is almost dead.
The deep elf knight points at you and mumbles some strange words.
The stone arrow hits you!
You die...

.. ###.#########+##
#.#.#..........#
###.#.#..........#
#.#...#..........# .
#.#...#..........# ...{
{#.....#..........#
.<..{###@†...+..........#
.....epeO....#..........#
###+##########..........#
#..........# #..........#
#..........# #..........#
#..........# #..........#


You could see a vault warden, a deep elf knight, a deep elf mage and a friendly
ogre (berserk).

Vanquished Creatures
  An Ice Fiend (IceCv)
  Louise (Shoals:3)
  2 ironheart preservers
  An entropy weaver (Vaults:4)
  An ettin (Vaults:4)
  The ghost of Danakh the Cleaver, a journeyman DsFi of Ru (D:13)
  3 merfolk javelineers
  Fannar (Lair:2)
  An ogre mage (Vaults:3)
  3 merfolk impalers (Shoals:4)
  A yaktaur captain (Vaults:1)
  3 hydras (Lair:2)
  A merfolk avatar (Shoals:4)
  The ghost of edsrzf the Grappler, a novice TrVM of Qazlal (D:10)
  3 merfolk aquamancers
  A satyr (Shoals:4)
  2 deep troll shamans
  The ghost of edsrzf the Grappler, a novice TrVM of Cheibriados (D:8)
  A shadow wraith (Vaults:3)
  A sea snake (Shoals:4)
  6 deep trolls
  2 hill giants
  An orc knight (Vaults:4)
  A kraken simulacrum (Shoals:4)
  Pikel (D:7)
  A mana viper (shapeshifter) (D:13)
  2 cyclopes
  An ugly thing (D:12)
  A faun (Shoals:1)
  6 manticores
  3 sirens
  An ice statue (IceCv)
  2 black mambas
  8 elephants
  A water nymph (Shoals:4)
  2 centaur skeletons
  2 spiny frogs
  2 yaktaurs (Vaults:1)
  4 freezing wraiths (IceCv)
  2 komodo dragons (Lair:3)
  7 anaconda simulacra (IceCv)
  A golden dragon simulacrum (IceCv)
  3 ice devils (IceCv)
  4 trolls
  3 harpy zombies (Shoals:4)
  2 wind drakes
  11 merfolk
  8 dream sheep
  A hornet (D:9)
  2 two-headed ogres
  5 blink frogs (Lair:3)
  4 snapping turtles
  4 redbacks (Vaults:4)
  3 water elementals
  2 wraiths
  19 yaks
  A wyvern (Lair:3)
  2 dire elephant simulacra (IceCv)
  2 death yak simulacra (IceCv)
  13 humans
  4 vampire mosquitoes (D:12)
  3 harpy simulacra (IceCv)
  2 hydra simulacra (IceCv)
  An iron troll simulacrum (IceCv)
  A water moccasin (D:7)
  2 porcupines (Lair:2)
  An ettin simulacrum (IceCv)
  2 phantoms
  8 orc warriors
  2 black bears
  4 ogres
  10 centaurs
  2 crocodiles
  A big kobold (D:9)
  A hippogriff zombie (Shoals:4)
  6 bullfrogs
  A swamp dragon simulacrum (IceCv)
  3 howler monkeys
  5 wights (D:9)
  An electric eel (Lair:3)
  6 crimson imps
  A centaur zombie (D:10)
  4 draconian simulacra (IceCv)
  A quasit (D:8)
  8 orc priests
  3 bullfrog skeletons
  4 hounds
  3 jellies
  2 iguanas (D:10)
  9 orc wizards
  5 worker ants
  3 troll simulacra (IceCv)
  A centaur simulacrum (IceCv)
  A worker ant zombie (D:10)
  An adder (D:2)
  7 gnolls
  3 naga simulacra (IceCv)
  An ogre simulacrum (IceCv)
  7 white imps (IceCv)
  7 ufetubi (IceCv)
  An adder zombie (D:5)
  A dart slug (D:2)
  25 orcs
  2 giant cockroaches (D:3)
  2 goblins
  A hobgoblin (D:2)
  3 quokkas
  A frilled lizard (D:2)
  7 kobolds
  3 rats
  2 fungi
  2 plants (Lair:3)
  A tentacle (Shoals:4)
364 creatures vanquished.

Vanquished Creatures (collateral kills)
  A merfolk impaler (Shoals:4)
  A manticore (Shoals:4)
  2 ice devils (IceCv)
  A hydra simulacrum (IceCv)
  An ettin simulacrum (IceCv)
6 creatures vanquished.

Vanquished Creatures (others)
  A slave (D:7)
  A big kobold (D:7)
  A jelly (D:7)
  An orc (D:7)
  4 kobolds (D:7)
  5 tentacles (Shoals:4)
13 creatures vanquished.

Grand Total: 383 creatures vanquished

Notes
Turn   | Place    | Note
-------+----------+-------------------------------------------
     0 | D:1      | PurpleRed the Minotaur Berserker began the quest for the Orb.
     0 | D:1      | Reached XP level 1. HP: 19/19 MP: 0/0
    48 | D:2      | Reached skill level 4 in Axes
    48 | D:2      | Reached XP level 2. HP: 12/27 MP: 1/1
   318 | D:3      | Reached XP level 3. HP: 33/33 MP: 2/2
   321 | D:3      | Reached skill level 5 in Axes
   367 | D:4      | Reached XP level 4. HP: 18/41 MP: 3/3
   431 | D:4      | Found a snail-covered altar of Cheibriados.
   474 | D:5      | Entered Level 5 of the Dungeon
   496 | D:5      | Reached ** piety under Trog
   496 | D:5      | Reached skill level 5 in Fighting
   496 | D:5      | Reached skill level 6 in Axes
   496 | D:5      | Reached XP level 5. HP: 39/48 MP: 4/4
   561 | D:6      | Found Lerchozok's Antique Armour Emporium.
   598 | D:5      | Reached skill level 7 in Axes
   598 | D:5      | Reached XP level 6. HP: 47/56 MP: 5/5
   621 | D:6      | Noticed Heartnet's ghost (novice HOMo)
   747 | D:7      | Noticed a water moccasin
   753 | D:7      | Killed a water moccasin
   753 | D:7      | Reached skill level 8 in Axes
   817 | D:7      | Reached XP level 7. HP: 63/63 MP: 6/6
   896 | D:7      | Noticed Pikel
   906 | D:7      | Killed Pikel
   906 | D:7      | Reached skill level 9 in Axes
   906 | D:7      | Reached XP level 8. HP: 73/73 MP: 7/7
   971 | D:7      | Found a shattered altar of Ashenzari.
   976 | D:7      | Reached skill level 10 in Axes
   986 | D:7      | Found a radiant altar of Vehumet.
  1204 | D:8      | Found Rotzafil's Distillery.
  1230 | D:8      | Noticed edsrzf's ghost (novice TrVM)
  1236 | D:8      | Killed edsrzf's ghost
  1236 | D:8      | Reached skill level 11 in Axes
  1237 | D:8      | Reached skill level 5 in Armour
  1237 | D:8      | Reached XP level 9. HP: 80/80 MP: 8/8
  1246 | D:8      | Bought a potion of heal wounds for 55 gold pieces
  1246 | D:8      | Bought a potion of might for 44 gold pieces
  1246 | D:8      | Bought a potion of curing for 33 gold pieces
  1288 | D:8      | Found Guilom Sahoz's Antique Weapon Shop.
  1305 | D:8      | Found Ussumeud's Magic Scroll Emporium.
  1376 | D:9      | Paralysed by a hornet for 2 turns
  1379 | D:9      | Reached skill level 12 in Axes
  1423 | D:9      | Found a shadowy altar of Dithmenos.
  1526 | D:9      | Found a staircase to the Lair.
  1532 | D:9      | Found Akhloppus's Armour Shop.
  1542 | D:9      | Reached *** piety under Trog
  1550 | D:9      | Reached skill level 13 in Axes
  1640 | D:9      | Found a glowing silver altar of Zin.
  1775 | D:9      | Found a stormy altar of Qazlal.
  1775 | D:9      | Found a bloodstained altar of Trog.
  1849 | D:10     | Entered Level 10 of the Dungeon
  2000 | D:10     | Reached XP level 10. HP: 62/88 MP: 9/9
  2044 | D:11     | Reached skill level 14 in Axes
  2044 | D:11     | Reached **** piety under Trog
  2196 | D:10     | Noticed edsrzf's ghost (novice TrVM)
  2203 | D:10     | Killed edsrzf's ghost
  2305 | D:11     | Noticed a hill giant
  2308 | D:11     | Killed a hill giant
  2308 | D:11     | Reached skill level 15 in Axes
  2370 | D:12     | Reached ***** piety under Trog
  2382 | D:12     | Reached skill level 10 in Fighting
  2382 | D:12     | Reached XP level 11. HP: 75/99 MP: 10/10
  2410 | D:12     | Reached skill level 16 in Axes
  2476 | D:12     | Noticed a cyan ugly thing
  2483 | D:12     | Killed a cyan ugly thing
  2527 | D:13     | Noticed Danakh's ghost (journeyman DsFi)
  2536 | D:13     | Killed Danakh's ghost
  2538 | D:13     | Received a gift from Trog
  2597 | D:13     | Noticed a fire crab
  2602 | D:13     | Noticed a mana viper
  2602 | D:13     | a fire crab changed into a mana viper
  2604 | D:13     | Killed a mana viper
  2637 | D:14     | Found a gate to the Vaults.
  2637 | D:14     | Noticed Urug
  2637 | D:14     | Noticed Rupert
  2637 | D:14     | Noticed an ogre mage
  2637 | D:14     | Noticed Nessos
  2645 | D:14     | Noticed a centaur warrior
  2649 | D:13     | Reached skill level 17 in Axes
  2775 | Lair:1   | Entered Level 1 of the Lair of Beasts
  2834 | Lair:2   | Noticed a four-headed hydra
  2845 | Lair:2   | Killed a four-headed hydra
  2864 | Lair:2   | Noticed Fannar
  2875 | Lair:2   | Killed Fannar
  3011 | Lair:2   | Noticed a four-headed hydra
  3021 | Lair:2   | Killed a four-headed hydra
  3021 | Lair:2   | Reached skill level 18 in Axes
  3021 | Lair:2   | Reached XP level 12. HP: 110/110 MP: 11/11
  3049 | Lair:2   | Found a bloodstained altar of Trog.
  3112 | Lair:2   | Noticed a six-headed hydra
  3120 | Lair:2   | Killed a six-headed hydra
  3525 | Lair:4   | Reached skill level 10 in Armour
  3770 | Lair:4   | Found a staircase to the Shoals.
  3796 | Lair:4   | Reached skill level 19 in Axes
  3819 | Shoals:1 | Entered Level 1 of the Shoals
  3824 | Shoals:2 | Noticed a merfolk aquamancer
  3833 | Shoals:2 | Killed a merfolk aquamancer
  3833 | Shoals:2 | Received a gift from Trog
  3929 | Shoals:3 | Noticed a merfolk aquamancer
  3951 | Shoals:3 | Killed a merfolk aquamancer
  4065 | Shoals:3 | Noticed a merfolk javelineer
  4084 | Shoals:3 | Killed a merfolk javelineer
  4084 | Shoals:3 | Reached XP level 13. HP: 21/116 MP: 12/12
  4086 | Shoals:3 | HP: 8/174 [merfolk/trident (9)]
  4125 | Shoals:3 | Noticed Louise
  4192 | Shoals:3 | Killed Louise
  4192 | Shoals:3 | Reached skill level 20 in Axes
  4275 | Shoals:4 | Entered Level 4 of the Shoals
  4657 | Shoals:4 | Noticed a merfolk impaler
  4657 | Shoals:4 | Noticed a merfolk impaler
  4657 | Shoals:4 | Noticed a merfolk impaler
  4657 | Shoals:4 | Noticed a merfolk impaler
  4668 | Shoals:4 | Killed a merfolk impaler
  4681 | Shoals:4 | Killed a merfolk impaler
  4686 | Shoals:4 | Killed a merfolk impaler
  4692 | Shoals:4 | Killed a merfolk impaler
  4699 | Shoals:4 | Noticed a merfolk javelineer
  4701 | Shoals:4 | Killed a merfolk javelineer
  4701 | Shoals:4 | Reached skill level 5 in Dodging
  4832 | Shoals:4 | Got a barnacled rune of Zot
  4904 | Shoals:4 | Found a frozen archway.
  4905 | Shoals:4 | Noticed a merfolk javelineer
  4927 | Shoals:4 | Killed a merfolk javelineer
  4932 | IceCv    | Entered an ice cave
  5114 | IceCv    | Received a gift from Trog
  5448 | IceCv    | Reached XP level 14. HP: 129/129 MP: 13/13
  5501 | IceCv    | Noticed an Ice Fiend
  5581 | IceCv    | Killed an Ice Fiend
  5604 | IceCv    | Identified the Guide on Heat and Displacement
  5941 | D:8      | Bought 3 scrolls of magic mapping for 147 gold pieces
  5941 | D:8      | Bought 3 scrolls of identify for 84 gold pieces
  5941 | D:8      | Bought a scroll of enchant weapon for 105 gold pieces
  6151 | Vaults:1 | Entered Level 1 of the Vaults
  6219 | Vaults:1 | Noticed an ironheart preserver
  6235 | Vaults:1 | Killed an ironheart preserver
  6346 | Vaults:2 | Found Limnups's Antique Armour Shoppe.
  6454 | Vaults:4 | Noticed an ironheart preserver
  6459 | Vaults:4 | Killed an ironheart preserver
  6595 | Vaults:4 | Noticed an entropy weaver
  6605 | Vaults:4 | Killed an entropy weaver
  6612 | Vaults:4 | Noticed a vault warden
  6620 | Vaults:4 | Killed from afar by a deep elf knight

Skill      XL: |  1  2  3  4  5  6  7  8  9 10 11 12 13 14 |
---------------+-------------------------------------------+-----
Axes           | 4 5 6 7 8 9 11 13 15 18 19 20 | 20.0
Fighting       | 4 5 6 7 10 11 13 14 | 14.5
Armour         | 5 7 9 11 13 14 | 14.4
Dodging        | 6 9 |  9.4

Action                   |  1- 3 |  4- 6 |  7- 9 | 10-12 | 13-15 || total
-------------------------+-------+-------+-------+-------+-------++-------
Melee: Hand axe          |    34 |    34 |    21 |       |       ||    89
       Headbutt          |     1 |    12 |    18 |    57 |    99 ||   187
       Battleaxe         |       |       |    93 |   248 |   396 ||   737
       Dire flail        |       |       |       |    14 |       ||    14
Throw: Javelin           |       |       |       |     1 |       ||     1
Invok: Berserk           |     3 |     4 |     6 |    16 |    11 ||    40
       Trog's Hand       |       |       |       |     3 |    14 ||    17
       Brothers in Arms  |       |       |       |       |     3 ||     3
Evoke: Wand              |       |       |       |     3 |     2 ||     5
  Use: Scroll            |     2 |     3 |     7 |     9 |     8 ||    29
       Potion            |       |       |       |     1 |     3 ||     4
 Stab: Sleeping          |     1 |       |       |       |    12 ||    13
       Distracted        |       |       |       |       |     2 ||     2
  Eat: Chunk             |     1 |     3 |     9 |    19 |    10 ||    42
       Fruit             |       |     1 |     3 |     1 |     5 ||    10
       Beef jerky        |       |       |       |     1 |     3 ||     4
       Royal jelly       |       |       |       |     1 |       ||     1
       Meat ration       |       |       |       |       |     1 ||     1
Armor: Animal skin       |     4 |     5 |       |       |       ||     9
       Leather armour    |       |     3 |     5 |       |       ||     8
       Plate armour      |       |       |    60 |   167 |    44 ||   271
       Shadow dragon sca |       |       |       |       |   163 ||   163
Dodge: Dodged            |    18 |    19 |    48 |    78 |   191 ||   354
Block: Buckler           |       |       |     1 |       |       ||     1
       Other             |       |       |       |       |    72 ||    72
       Reflection        |       |       |       |       |     2 ||     2
